 Dungeon Crawl Stone Soup version 0.31-a0-142-g31f6795574 (webtiles) character file.

Game seed: 8472097678153937247

11 Kenran the Poker (level 2, -2/24 HPs)
             Began as a Human Chaos Knight on June 3, 2023.
             Was a Plaything of Xom.
             Slain by a quokka (5 damage)
             ... on level 1 of the Dungeon.
             The game lasted 00:00:58 (470 turns).

Kenran the Poker (Human Chaos Knight)                Turns: 470, Time: 00:00:58

Health: -2/24      AC:  9    Str: 12    XL:     2   Next: 35%
Magic:  2/2        EV:  6    Int: 12    God:    Xom [..*...]
Gold:   91         SH:  0    Dex: 12    Spells: 1/1 levels left

rFire   . . .        a - +0 spear (chaos)
rCold   . . .        (no shield)
rNeg    . . .        f - +0 chain mail
rPois   .            (no helmet)
rElec   .            d - scarf {repulsion}
rCorr   .            j - +0 pair of gloves
SInv    .            (no boots)
Will    .....        (no amulet) Stlth
                     (no ring)
HPRegen 0.24/turn    (no ring)
MPRegen 0.08/turn

%: repel missiles
@: no status effects
A: no striking features
a: Renounce Religion


You were on level 1 of the Dungeon.
You worshipped Xom.
You were a toy of Xom.
You visited 1 branch of the dungeon, and saw 2 of its levels.

You collected 91 gold pieces.

Inventory:

Hand Weapons
 a - a +0 spear of chaos (weapon)
Armour
 d - a scarf of repulsion (worn)
 f - a +0 chain mail (worn)
 j - a +0 pair of gloves (worn)
Scrolls
 b - a scroll of enchant weapon {unknown}
 g - a scroll of poison {unknown}
 h - a scroll of blinking {unknown}
 i - a scroll of brand weapon {unknown}
Potions
 e - a potion of curing {unknown}
Miscellaneous
 c - a piece from Xom's chessboard (15/15) (quivered)


   Skills:
 - Level 3.0 Fighting
 + Level 3.6 Polearms
 - Level 2.0 Armour
 - Level 1.0 Dodging


You had one spell level left.
You didn't know any spells.
Your spell library contained the following spells:

 Spells                   Type           Power      Damage    Failure   Level
 Lesser Beckoning         Tloc           0%         N/A       100%        2
 Gell's Gravitas          Tloc           0%         N/A       100%        3
 Teleport Other           Tloc           0%         N/A       100%        3


Dungeon Overview and Level Annotations

Branches:
Dungeon (2/15)

Altars:


Message History

You barely miss the quokka.
The quokka is almost dead.
The frilled lizard bites you.
A gnoll comes into view. It is wielding a +0 club.
The quokka bites you.
You can't go down here!
The gnoll shouts!
The quokka bites you but does no damage.
The frilled lizard bites you. The frilled lizard barely misses you.
The gnoll hits you from afar with a +0 halberd.
You climb upwards.
There is a stone staircase leading down here.
You barely miss the quokka.
The quokka is severely wounded.
The quokka bites you but does no damage.
The frilled lizard bites you but does no damage. x2
You hit the quokka but do no damage.
The quokka is severely wounded.
The quokka bites you.
The frilled lizard bites you but does no damage. x2
You closely miss the quokka.
The quokka is heavily wounded.
The quokka barely misses you.
The frilled lizard bites you but does no damage. x2
You barely miss the quokka.
The quokka is heavily wounded.
The quokka closely misses you. The frilled lizard bites you.
The frilled lizard bites you but does no damage.
The quokka bites you but does no damage.
You closely miss the quokka.
The quokka is heavily wounded.
The quokka bites you.
* * * LOW HITPOINT WARNING * * *
You barely miss the quokka.
The quokka is heavily wounded.
The frilled lizard barely misses you.
The frilled lizard bites you but does no damage.
The quokka bites you.
You die... "What!?
That's it?"

#.... #.##. ##########
#....
#........##########....
#........##...........#
#........#..#########..
#.............# #....
#..........##.#####....
#....l@r.............#.
#......l.####.......###
#........# #########
##########


You could see a quokka (strong, very drained) and 2 frilled lizards.

Vanquished Creatures
  A ball python (D:1)
  2 bats (D:1)
  An endoplasm (D:1)
  A giant cockroach (D:1)
  A goblin (D:2)
  A quokka (D:1)
  2 frilled lizards (D:1)
  A rat (D:1)
10 creatures vanquished.

Notes
Turn   | Place    | Note
-------+----------+-------------------------------------------
     0 | D:1      | Kenran the Human Chaos Knight began the quest for the Orb.
     0 | D:1      | Reached XP level 1. HP: 18/18 MP: 1/1
   308 | D:1      | Reached XP level 2. HP: 24/24 MP: 2/2
   460 | D:2      | XOM: silly message
   470 | D:1      | Slain by a quokka

Illustrated notes

Levels and vault maps discovered:
D:1:      zelgadis_glass_arrival_small, layout_basic
D:2:      layout_rooms, basic_altar

Action                     || total
---------------------------++-------
  Melee: Spear             ||    37
   Stab: Distracted        ||     1
 Armour: Chain mail        ||    18
  Dodge: Dodged            ||    10

Table legend: (Time is in decaauts)
 A = Elapsed time spent in this place.
 B = Non-inter-level travel time spent in this place.
 C = Inter-level travel time spent in this place.
 D = Time resting spent in this place.
 E = Time spent auto-exploring this place.
 F = Levels seen in this place.
 G = Mean time per level.
                   A        B        C        D        E       F      G
               +--------+--------+--------+--------+--------+-----+--------+
         Total |    467 |    465 |      2 |     23 |    290 |   2 |  233.5 |
       Dungeon |    467 |    465 |      2 |     23 |    290 |   2 |  233.5 |
               +--------+--------+--------+--------+--------+-----+--------+

Top non-repeatable levels by time:
     D:1: 453 daAuts
     D:2: 14 daAuts
